 Dungeon Crawl Stone Soup version 0.26.1-11-gd32895ea62 (webtiles) character file.

Game seed: 12222005344500842216

90 Zeld the Slasher (level 4, 0/33 HPs)
             Began as a Human Gladiator on June 4, 2021.
             Succumbed to an adder's poison
             ... on level 1 of the Dungeon.
             The game lasted 00:01:49 (807 turns).

Zeld the Slasher (Human Gladiator)                   Turns: 807, Time: 00:01:50

Health: 0/33       AC:  5    Str: 16    XL:     4   Next: 85%
Magic:  4/4        EV: 13    Int:  8    God:
Gold:   38         SH:  0    Dex: 14    Spells: 3/3 levels left

rFire    . . .     SeeInvis .   a - +0 long sword
rCold    . . .     Faith    .   (no shield)
rNeg     . . .     Spirit   .   b - +0 leather armour
rPois    .         Reflect  .   c - +0 helmet
rElec    .         Harm     .   (no cloak)
rCorr    .         Rampage  .   j - +0 pair of gloves
Will     .....                  (no boots)
Stlth    +.........             (no amulet)
HPRegen  0.11/turn              (no ring)
MPRegen  0.09/turn              (no ring)

@: lethally poisoned (0 -> -1)
A: no striking features
a: no special abilities


You were on level 1 of the Dungeon.
You visited 1 branch of the dungeon, and saw 2 of its levels.

You collected 38 gold pieces.

Inventory:

Hand Weapons
 a - a +0 long sword (weapon)
Missiles
 d - 2 throwing nets
 f - 13 poisoned darts (quivered)
Armour
 b - a +0 leather armour (worn)
 c - a +0 helmet (worn)
 j - a +0 pair of gloves (worn)
Jewellery
 e - an uncursed amulet of magic regeneration {unknown}
Scrolls
 g - 3 scrolls of fear {unknown}
 h - 2 scrolls of identify {unknown}
 i - a scroll of remove curse {unknown}
 k - 2 scrolls of enchant armour {unknown}
 l - a scroll of magic mapping {unknown}
 m - a scroll of fog {unknown}
Potions
 n - a potion of berserk rage {unknown}


   Skills:
 - Level 2.0 Fighting
 * Level 5.2 Long Blades
 - Level 2.0 Throwing
 - Level 3.0 Dodging


You had 3 spell levels left.
You didn't know any spells.
Your spell library was empty.

Dungeon Overview and Level Annotations

Branches:
Dungeon (2/15)

Altars:

Annotations:
D:2 Sigmund


Message History

The adder misses you.
You barely miss the adder. The adder bites you but does no damage.
You slash the adder!
The adder is almost dead.
* * * LOW HITPOINT WARNING * * *
You feel sick. The adder closely misses you. The adder barely misses you.
You hit the adder.
You kill the adder!
There is a lethal amount of poison in your body!
There is a lethal amount of poison in your body!
Okay, then.
* * * LOW HITPOINT WARNING * * *
You feel sick.
* * * LOW HITPOINT WARNING * * *
You feel sick.
* * * LOW HITPOINT WARNING * * *
You feel sick.
* * * LOW HITPOINT WARNING * * *
You feel sick.
You die...

..######.......#.####..)....#
.......#.++'+++.............#
..####.#.+....+..###.....####
..# #...+.<..+..# #.....# ..#
#...+....+..# #.....# ..#
#...+....+..# #.....#
.#####.#.++++++..###.....#
.....#.#.)........########
.##....#######.#@.#####
.##....# #.#......# .##....#
......#.###.# .###.#.#
......#.# #.# .###.#.#
......#.# #.# .....#.#
......#.# #.# †.####.#
#####...# #.# ..# #.# ##..#
#.# ..####.#########..) #.#


There were no monsters in sight!

Vanquished Creatures
  A scorpion (D:2)
  2 adders
  An ooze (D:1)
  2 giant cockroaches (D:1)
  4 goblins (D:1)
  A hobgoblin (D:1)
  2 kobolds (D:2)
  2 bats
  5 frilled lizards
  3 rats
23 creatures vanquished.

Notes
Turn   | Place    | Note
-------+----------+-------------------------------------------
     0 | D:1      | Zeld the Human Gladiator began the quest for the Orb.
     0 | D:1      | Reached XP level 1. HP: 16/16 MP: 1/1
   126 | D:1      | Reached XP level 2. HP: 22/22 MP: 2/2
   504 | D:1      | You fall into a shaft and drop 1 floor!
   505 | D:2      | Noticed a scorpion
   511 | D:2      | Killed a scorpion
   512 | D:2      | Reached skill level 4 in Long Blades
   512 | D:2      | Reached XP level 3. HP: 22/27 MP: 3/3
   512 | D:2      | Reached XP level 4. HP: 27/33 MP: 4/4
   624 | D:2      | Noticed a phantom
   650 | D:2      | Reached skill level 5 in Long Blades
   745 | D:2      | Noticed Sigmund
   799 | D:1      | HP: 1/33 [poisoned by an adder]
   807 | D:1      | Succumbed to an adder's poison

Illustrated notes

Levels and vault maps discovered:
D:1:      lightli_arrival_maybe_door_vault, layout_basic
D:2:      layout_basic, minmay_cut_off, uniq_sigmund

Skill      XL: |  1  2  3  4 |
---------------+-------------+-----
Long Blades    | 4 5 |  5.2
Fighting       | |  2.0
Throwing       | |  2.0
Dodging        | |  3.0

Action                   |  1- 3 |  4- 6 || total
-------------------------+-------+-------++-------
Melee: Long sword        |    42 |    35 ||    77
Throw: Throwing net      |     3 |       ||     3
       Dart              |     1 |       ||     1
 Stab: Sleeping          |     1 |       ||     1
Armor: Leather armour    |    14 |    14 ||    28
Dodge: Dodged            |    40 |    39 ||    79
       Rpst.: Long sword |    12 |    10 ||    22
